AoeStats
← Papaya_Banana91

Black Forest

509696150Analyzed
4v4 RM · 5d ago on Sep 27, 2026· 60m 1s· 8 players
Game mode
Random Map
Map size
Large (8 player)
Population
200
Speed
Normal
Resources
Standard
Victory
Conquest
Starting age
Dark Age
Ending age
Imperial Age
RankedLock teamsTeams togetherTeam positionsShared explorationLock speedFull tech treeHidden civsTurbo modeCheats
Victory
Defeat
🇮🇳 Franks · India
946
+14
🇨🇿 Persians · Czechia
931
+14
🇩🇪 Japanese · Germany
873
+17
🇧🇷 Spanish · Brazil
872
+17
🇹🇷 Franks · Türkiye
946
-19
🇹🇷 Saracens · Türkiye
904
-16
🇩🇪 Bohemians · Germany
893
-15
🇩🇪 Spanish · Germany
815
-12
hiko1268
0:36 Loom
12:51 Feudal Age
13:45 Double-Bit Axe
23:15 Castle Age
23:05 Forging
23:14 Horse Collar
23:27 Gold Mining
23:29 Stone Mining
23:46 Padded Archer Armor
23:37 Fletching
26:14 Caravan
26:49 Coinage
27:17 Bow Saw
27:52 Heavy Plow
29:00 Stone Shaft Mining
30:41 Leather Archer Armor
30:22 Bodkin Arrow
30:18 Pikeman
30:58 Squires
32:09 Fortified Wall
33:09 Murder Holes
34:02 Wheelbarrow
33:21 Town Watch
39:05 Imperial Age
36:53 Hand Cart
39:24 Ballistics
39:23 Scale Mail Armor
39:58 Iron Casting
39:32 Siphons
39:26 Halberdier
41:27 Chemistry
40:05 Elite Conquistador
40:14 Elite Skirmisher
43:29 Inquisition
43:50 Supremacy
46:37 Ring Archer Armor
46:09 Bracer
47:09 Blast Furnace
46:25 Chain Mail Armor
46:15 Scale Barding Armor
49:03 Banking
55:02 Guilds
56:04 Sanctity
56:36 Theocracy
56:08 Devotion
56:09 Herbal Medicine
runningelmi
0:49 Loom
12:45 Feudal Age
16:43 Castle Age
14:59 Double-Bit Axe
16:44 Horse Collar
17:49 Heavy Plow
18:02 Bow Saw
22:49 Caravan
32:46 Imperial Age
30:53 Wheelbarrow
30:04 Town Watch
30:34 Forging
30:24 Scale Mail Armor
30:30 Scale Barding Armor
30:59 Wagenburg Tactics
33:35 Chemistry
32:31 Murder Holes
32:55 Fortified Wall
33:38 Iron Casting
32:54 Fletching
33:04 Padded Archer Armor
33:32 Chain Mail Armor
33:56 Conscription
33:42 Squires
34:24 Coinage
34:05 Guilds
33:25 Pikeman
33:51 Arson
36:00 Blast Furnace
35:30 Plate Mail Armor
35:16 Leather Archer Armor
35:40 Chain Barding Armor
35:16 Bodkin Arrow
34:57 Elite Skirmisher
36:09 Hussite Reforms
37:32 Two-Man Saw
36:34 Halberdier
37:35 Bracer
38:13 Ring Archer Armor
38:16 Banking
39:28 Ballistics
39:45 Hand Cart
39:31 Town Patrol
41:59 Block Printing
41:55 Fervor
41:45 Atonement
41:46 Devotion
42:12 Illumination
45:37 Theocracy
47:20 Theocracy
49:30 Houfnice
54:27 Redemption
54:37 Sanctity
SoulBeatle5332
2:41 Loom
16:13 Feudal Age
17:11 Double-Bit Axe
22:09 Castle Age
21:53 Gold Mining
21:56 Stone Mining
33:29 Imperial Age
31:10 Pikeman
31:51 Squires
31:36 Arson
32:27 Bow Saw
33:23 Caravan
34:27 Wheelbarrow
35:18 Chemistry
34:48 Conscription
36:06 Hand Cart
35:42 Onager
37:47 Forging
37:38 Scale Mail Armor
37:24 Cavalier
38:04 Husbandry
37:31 Elite Skirmisher
43:47 Paladin
51:33 Halberdier
53:48 Chivalry
MsA87
1:05 Loom
14:14 Feudal Age
15:31 Double-Bit Axe
16:17 Gold Mining
19:30 Castle Age
17:17 Town Watch
17:27 Horse Collar
17:54 Stone Mining
18:18 Arson
20:12 Squires
26:47 Wheelbarrow
28:45 Bow Saw
32:09 Imperial Age
29:47 Caravan
29:47 Pikeman
31:10 Bimaristan
31:35 Forging
31:28 Murder Holes
32:48 Gold Shaft Mining
32:37 Heavy Plow
32:58 Scale Mail Armor
33:57 Conscription
35:03 Two-Man Saw
35:29 Scale Barding Armor
35:16 Fletching
36:18 Elite Mameluke
38:28 Chemistry
37:44 Town Patrol
39:53 Padded Archer Armor
39:49 Bodkin Arrow
40:30 Iron Casting
40:10 Chain Mail Armor
40:15 Chain Barding Armor
45:30 Ballistics
44:59 Arrowslits
46:26 Elite Skirmisher
47:32 Leather Archer Armor
47:18 Bracer
48:18 Blast Furnace
47:49 Plate Mail Armor
55:28 Plate Barding Armor
55:23 Ring Archer Armor
55:57 Hand Cart
Papaya_Banana91
1:00 Loom
16:19 Feudal Age
16:59 Double-Bit Axe
16:57 Horse Collar
23:12 Castle Age
25:00 Gold Mining
25:01 Stone Mining
25:08 Stone Mining
26:27 Wheelbarrow
25:38 Town Watch
32:32 Imperial Age
30:53 Caravan
31:55 Forging
31:46 Scale Mail Armor
35:56 Chemistry
35:34 Masonry
38:46 Iron Casting
38:01 Fletching
38:27 Chain Mail Armor
38:13 Padded Archer Armor
38:19 Scale Barding Armor
38:33 Hand Cart
40:12 Fortified Wall
40:24 Ballistics
39:44 Pikeman
40:25 Squires
40:27 Bodkin Arrow
40:45 Halberdier
43:47 Plate Mail Armor
47:32 Blast Furnace
45:55 Elite Samurai
57:11 Bow Saw
PAPA VIPER
1:32 Loom
2:03 Loom
3:05 Loom
3:37 Loom
5:44 Loom
8:50 Loom
10:35 Feudal Age
10:53 Feudal Age
13:42 Wheelbarrow
15:59 Castle Age
13:55 Double-Bit Axe
20:23 Bow Saw
26:33 Hand Cart
26:30 Caravan
29:48 Imperial Age
27:37 Town Watch
28:24 Caravan
28:59 Forging
28:54 Scale Barding Armor
30:15 Iron Casting
29:43 Gold Mining
31:24 Chain Barding Armor
31:12 Squires
30:58 Arson
30:58 Gambesons
31:29 Masonry
31:18 Murder Holes
33:34 Plate Barding Armor
33:59 Blast Furnace
32:50 Fletching
33:01 Padded Archer Armor
33:25 Ballistics
34:05 Husbandry
33:25 Cavalier
33:35 Elite Throwing Axeman
34:30 Town Patrol
36:43 Hoardings
35:52 Cavalier
36:47 Bodkin Arrow
37:57 Chemistry
37:36 Architecture
37:40 Coinage
39:06 Leather Archer Armor
39:04 Paladin
41:41 Banking
44:18 Chivalry
44:41 Conscription
jakubpekar
0:44 Loom
11:20 Feudal Age
15:42 Castle Age
14:08 Double-Bit Axe
18:28 Wheelbarrow
18:42 Bow Saw
18:29 Horse Collar
23:28 Hand Cart
25:06 Heavy Plow
28:10 Gold Mining
31:24 Town Watch
34:21 Imperial Age
33:07 Forging
33:04 Scale Barding Armor
32:50 Fletching
34:28 Iron Casting
34:00 Caravan
35:18 Conscription
34:20 Elite War Elephant
36:01 Chain Barding Armor
35:37 Bodkin Arrow
35:43 Padded Archer Armor
35:47 Cavalier
36:28 Husbandry
36:44 Bloodlines
37:25 Citadels
41:42 Blast Furnace
41:18 Plate Barding Armor
41:26 Kamandaran
43:19 Scale Mail Armor
49:42 Savar
55:14 Leather Archer Armor
55:15 Chain Mail Armor
Panda de jeová
10:48 Feudal Age
10:10 Loom
14:33 Double-Bit Axe
17:46 Castle Age
16:36 Gold Mining
22:11 Wheelbarrow
23:53 Bow Saw
23:59 Stone Mining
25:00 Hand Cart
30:20 Town Watch
30:48 Scale Barding Armor
30:55 Forging
30:47 Padded Archer Armor
30:38 Fletching
36:35 Imperial Age
35:03 Chain Barding Armor
36:14 Ballistics
36:08 Masonry
36:34 Town Patrol
37:57 Plate Barding Armor
38:47 Chemistry
38:21 Architecture
38:04 Caravan
38:14 Elite Conquistador
39:37 Iron Casting
44:08 Two-Man Saw
42:55 Horse Collar
44:45 Blast Furnace
50:32 Supremacy
50:33 Leather Archer Armor
50:14 Bodkin Arrow
53:22 Ring Archer Armor
52:52 Bracer
53:02 Cavalier
53:43 Husbandry
53:53 Bloodlines
54:31 Stone Shaft Mining
54:49 Paladin
55:46 Scale Mail Armor
Connection lost

Rejoining the realm…

Still unreachable

The connection could not be restored.

Session expired

The server has moved on; the page needs a fresh start.